 Dungeon Sprint DCSS version 0.28.0-43-g3370ac3207 (webtiles) character file.

Game seed: 8854503186227118810

6700000 smarlow the Archmage (level 25, -86/214 HPs)
             Began as a Djinni Warper on Mar 9, 2022.
             Was the Champion of Makhleb.
             Annihilated by a large bag of meat
             ... wielding a +9 giant spiked club
              (110 damage)
             ... in the Dungeon (Sprint VIII: "Arena of Blood").
             The game lasted 00:02:54 (67 turns).

smarlow the Archmage (Djinni Warper)                  Turns: 67, Time: 00:02:55

Health: -86/214    AC:  6    Str: 10    XL:     25   Next: 59%
Gold:   0          EV: 33    Int: 18    God:    Makhleb [******] SH:  0 Dex: 22

rFire   + + .      SeeInvis +   i - +∞ Axe of Woe
rCold   x . .      Faith    .   (shield currently unavailable)
rNeg    . . .      Spirit   .   b - +0 leather armour
rPois   ∞          Reflect  .   (no helmet)
rElec   .          Harm     .   (no cloak)
rCorr   .          Rampage  .   (no gloves)
Will    ++...      NoTele   +   (boots unavailable)
Stlth   +++++++...              (no amulet)
HPRegen 0.45/turn               g - ring of see invisible
MPRegen 0.00/turn               (no ring)

@: flying
A: sickness immunity, fire resistance 2, cold vulnerability 1, float, innate
caster, HP casting, extra vitality 1
a: Renounce Religion, Minor Destruction, Lesser Servant of Makhleb, Major
Destruction, Greater Servant of Makhleb


You were in the Dungeon.
You worshipped Makhleb.
Makhleb was exalted by your worship.
You visited 1 branch

Inventory:

Hand Weapons
 a - a +0 hand axe
 i - the +∞ Axe of Woe (weapon)
   (You found it in the Dungeon)
Missiles
 d - 5 boomerangs of dispersal (quivered)
Armour
 b - a +0 leather armour (worn)
Jewellery
 g - a ring of see invisible (left hand)
Scrolls
 c - 2 scrolls of blinking
Potions
 e - a potion of curing
 f - a potion of heal wounds
 h - a potion of berserk rage


   Skills:
 O Level 27 Fighting
 + Level 18.1(21.1) Short Blades
 + Level 18.1(21.1) Long Blades
 O Level 27 Axes
 + Level 16.7(25.5) Maces & Flails
 + Level 16.7(25.5) Polearms
 + Level 18.1(23.6) Staves
 + Level 16.8(23.7) Slings
 + Level 16.7 Bows
 + Level 16.7 Crossbows
 O Level 27 Throwing
 O Level 27 Armour
 O Level 27 Dodging
 + Level 18.1 Stealth
 + Level 18.5 Shields
 + Level 18.5 Unarmed Combat
 O Level 27 Spellcasting
 + Level 18.5 Invocations
 + Level 18.5 Evocations


You had one spell level left.
You knew the following spells:

 Your Spells              Type           Power      Damage    Failure   Level
a - Blink                 Tloc           100%       N/A       0%          2
b - Lesser Beckoning      Tloc           88%        N/A       0%          3
c - Gell's Gravitas       Tloc           88%        N/A       0%          3
d - Teleport Other        Tloc           88%        N/A       0%          3
e - Manifold Assault      Tloc           88%        N/A       0%          5
f - Sting                 Tmut/Pois      100%       1d8       0%          1
g - Wereblood             Tmut           88%        N/A       0%          2
h - Frozen Ramparts       Ice            100%       1d12      0%          3
i - Iskenderun's Mystic   Conj/Tloc      88%        2d17      0%          4
j - Fulminant Prism       Conj/Hex       44%        3d20      0%          4
k - Freezing Cloud        Conj/Ice/Air   44%        6-21      0%          5
l - Conjure Ball Lightni  Conj/Air       44%        3x3d15    0%          6
m - Iron Shot             Conj/Erth      44%        9d9       0%          6
n - Dragon Form           Tmut           44%        N/A       1%          7
o - Maxwell's Capacitive  Air            44%        ∞         1%          8
p - Orb of Destruction    Conj           44%        9d12      1%          7
q - Necromutation         Tmut/Necr      44%        N/A       1%          8
Your spell library was empty.

Dungeon Overview and Level Annotations

Branches:
Dungeon (1/1)

Altars:
Makhleb


Innate Abilities, Weirdness & Mutations

You are immune to sickness and miasma.
You are immune to poison.
Your flesh is very heat resistant. (rF++)
You are vulnerable to cold. (rC-)
You float through the air rather than walking.
You learn spells naturally, not from books.
Your magical power is your life essence.
You have superior vitality. (+4 MHP)


Message History

The meat berserker is engulfed in blazing flames.
You hear a shout! x2
The sculptor of flesh hits you with a +9 great sword!!!!
Ouch! That really hurt!
* * * LOW HITPOINT WARNING * * *
You hear a shout! x2
Your base Short Blades skill increases to level 18!
Your base Long Blades skill increases to level 18!
Your base Staves skill increases to level 18!
Your Stealth skill increases to level 18!
Casting: Manifold Assault (safe; 0% risk of failure)
Confirm with . or Enter, or press ? or * to list all spells.
Space momentarily warps into an impossible shape!
You slash the meat berserker!
You butcher the meat berserker messily.
You kill the meat berserker!
Makhleb accepts your kill.
You feel better.
You slash the bag of meat!
You dissect the bag of meat like a pig carcass.
You kill the bag of meat!
Makhleb accepts your kill.
You feel better.
You hit the sculptor of flesh but do no damage.
You pulverise the sculptor of flesh into a thin bloody mist.
You destroy the sculptor of flesh!
Makhleb accepts your kill.
You feel better.
You slice the bag of meat!!
You butcher the bag of meat messily.
You kill the bag of meat!
Makhleb accepts your kill.
You feel better.
You hear a shout! x7
A meat berserker comes into view. It is wielding a +9 battleaxe.
The bag of meat completely misses you.
The large bag of meat is engulfed in blazing flames.
The large bag of meat hits you with a +9 giant spiked club!!!!
Ouch! That really hurt!
* * * LOW HITPOINT WARNING * * *
The large bag of meat hits you with a +9 giant spiked club!!!!
Ouch! That really hurt!
You die...

############
..§§☼......####
..§)o.O..)))).####
##§##.#####§§§...####
o).........§°).o)...####
oo##.##.....)§§O@)2)oo.#
.o.@.......).§)§)z).....
)).O#.#...V.M☼#☼)......)
☼...........####O.†..)).
§............ ....))...
○).......O... .)..#....
)........... O).......
).......... ○§...#....
.......#.


You could see an accursed, a meat beast (fast), a destroyer, a sculptor of
flesh, 2 large bags of meat, 2 meat berserkers and 3 bags of meat.

Vanquished Creatures
  A wraith (D)
  Harold (D)
  5 vampire knights (D)
  14 ogres (D)
  5 two-headed ogres (D)
  A hydra (D)
  51 orcs (D)
  2 skeletal warriors (D)
80 creatures vanquished.

Notes
Turn   | Place    | Note
-------+----------+-------------------------------------------
     0 | D        | Found the +∞ Axe of Woe
     0 | D        | smarlow the Djinni Warper began the quest for the Orb.
     0 | D        | Reached XP level 1. HP: 18/18 MP: 0/0
     1 | D        | Noticed a bag of meat
     1 | D        | Noticed a bag of meat
     3 | D        | Noticed a bag of meat
     3 | D        | Became a worshipper of Makhleb the Destroyer
     6 | D        | Killed a bag of meat
     7 | D        | Reached skill level 10 in Dodging
     7 | D        | Reached skill level 15 in Spellcasting
     7 | D        | Reached XP level 2. HP: 34/34 MP: 0/0
     7 | D        | Reached XP level 3. HP: 39/39 MP: 0/0
     7 | D        | Learned a level 1 spell: Sting
     7 | D        | Reached XP level 4. HP: 45/45 MP: 0/0
     7 | D        | Reached XP level 5. HP: 50/50 MP: 0/0
     7 | D        | Learned a level 2 spell: Wereblood
     7 | D        | Reached XP level 6. HP: 56/56 MP: 0/0
     7 | D        | Reached XP level 7. HP: 61/61 MP: 0/0
     7 | D        | Learned a level 3 spell: Frozen Ramparts
     7 | D        | Reached XP level 8. HP: 67/67 MP: 0/0
     7 | D        | Reached XP level 9. HP: 72/72 MP: 0/0
     7 | D        | Learned a level 4 spell: Iskenderun's Mystic Blast
     7 | D        | Reached XP level 10. HP: 78/78 MP: 0/0
     7 | D        | Reached XP level 11. HP: 84/84 MP: 0/0
     7 | D        | Learned a level 4 spell: Fulminant Prism
     8 | D        | Noticed a bag of meat
     8 | D        | Noticed a bag of meat
     8 | D        | Noticed a bag of meat
    10 | D        | Noticed a meat berserker
    10 | D        | Killed a meat berserker
    10 | D        | Reached * piety under Makhleb
    10 | D        | Noticed a bag of meat
    10 | D        | Noticed a bag of meat
    11 | D        | Reached skill level 10 in Axes
    11 | D        | Reached XP level 12. HP: 93/94 MP: 0/0
    11 | D        | Reached XP level 13. HP: 98/99 MP: 0/0
    11 | D        | Learned a level 5 spell: Freezing Cloud
    11 | D        | Killed a bag of meat
    12 | D        | Killed a bag of meat
    13 | D        | Reached XP level 14. HP: 108/108 MP: 0/0
    13 | D        | Killed a bag of meat
    13 | D        | Reached ** piety under Makhleb
    13 | D        | Noticed a bag of meat
    14 | D        | Noticed a bag of meat
    14 | D        | Noticed a bag of meat
    14 | D        | Noticed a bag of meat
    14 | D        | Noticed a bag of meat
    15 | D        | Noticed a bag of meat
    16 | D        | Killed a bag of meat
    16 | D        | Noticed a bag of meat
    16 | D        | Noticed a large bag of meat
    17 | D        | Noticed a bag of meat
    17 | D        | Noticed a bag of meat
    17 | D        | Noticed a bag of meat
    18 | D        | Noticed a bag of meat
    18 | D        | Noticed a bag of meat
    18 | D        | Noticed a bag of meat
    18 | D        | Noticed a bag of meat
    18 | D        | Noticed a bag of meat
    18 | D        | Noticed a bag of meat
    19 | D        | Killed a bag of meat
    19 | D        | Killed a bag of meat
    19 | D        | Reached *** piety under Makhleb
    19 | D        | Noticed a destroyer
    19 | D        | Noticed a meat berserker
    20 | D        | Reached skill level 15 in Fighting
    20 | D        | Reached skill level 15 in Dodging
    20 | D        | Reached XP level 15. HP: 120/120 MP: 0/0
    20 | D        | Learned a level 6 spell: Conjure Ball Lightning
    21 | D        | Killed a large bag of meat
    21 | D        | Reached **** piety under Makhleb
    22 | D        | Reached skill level 27 in Spellcasting
    22 | D        | Reached XP level 16. HP: 119/130 MP: 0/0
    23 | D        | Reached ***** piety under Makhleb
    23 | D        | Noticed a meat berserker
    24 | D        | Reached XP level 17. HP: 138/141 MP: 0/0
    24 | D        | Learned a level 6 spell: Iron Shot
    25 | D        | Killed a destroyer
    26 | D        | Reached skill level 5 in Throwing
    26 | D        | Reached XP level 18. HP: 156/160 MP: 0/0
    27 | D        | Noticed a large bag of meat
    28 | D        | Reached ****** piety under Makhleb
    29 | D        | Reached skill level 27 in Fighting
    29 | D        | Reached skill level 27 in Axes
    29 | D        | Reached XP level 19. HP: 174/174 MP: 0/0
    29 | D        | Learned a level 7 spell: Dragon Form
    29 | D        | Noticed a large bag of meat
    29 | D        | Noticed The Servant
    31 | D        | Noticed a large bag of meat
    32 | D        | Killed a large bag of meat
    33 | D        | Reached skill level 15 in Armour
    37 | D        | Noticed a meat berserker
    39 | D        | Noticed a meat berserker
    42 | D        | Noticed a meat berserker
    43 | D        | Killed a meat berserker
    43 | D        | Noticed a large bag of meat
    44 | D        | Reached skill level 10 in Throwing
    44 | D        | Noticed a sculptor of flesh
    44 | D        | Noticed a meat berserker
    46 | D        | Reached skill level 27 in Dodging
    47 | D        | Killed a meat berserker
    48 | D        | Reached skill level 27 in Armour
    48 | D        | Reached XP level 20. HP: 181/181 MP: 0/0
    48 | D        | Killed a meat berserker
    50 | D        | Noticed an accursed
    51 | D        | Noticed an eight-headed meat hydra
    52 | D        | Reached XP level 21. HP: 172/187 MP: 0/0
    52 | D        | Learned a level 8 spell: Maxwell's Capacitive Coupling
    52 | D        | Noticed a meat berserker
    52 | D        | Noticed a meat berserker
    53 | D        | Killed a meat berserker
    54 | D        | Reached skill level 27 in Throwing
    54 | D        | Killed a large bag of meat
    54 | D        | Killed a meat berserker
    55 | D        | Reached XP level 22. HP: 187/194 MP: 0/0
    55 | D        | Noticed a meat berserker
    55 | D        | Noticed a destroyer
    55 | D        | Noticed a destroyer
    56 | D        | Killed a meat berserker
    56 | D        | Killed a meat berserker
    57 | D        | Reached skill level 10 in Short Blades
    57 | D        | Reached skill level 10 in Long Blades
    57 | D        | Reached skill level 10 in Staves
    57 | D        | Reached skill level 10 in Stealth
    57 | D        | Reached skill level 10 in Shields
    57 | D        | Reached skill level 10 in Unarmed Combat
    57 | D        | Reached skill level 10 in Invocations
    57 | D        | Reached skill level 10 in Evocations
    57 | D        | Noticed a meat berserker
    57 | D        | Noticed a meat berserker
    57 | D        | Noticed a meat berserker
    57 | D        | Noticed a large bag of meat
    57 | D        | Noticed a destroyer
    58 | D        | Killed a destroyer
    59 | D        | Reached skill level 10 in Maces & Flails
    59 | D        | Reached skill level 10 in Polearms
    59 | D        | Reached skill level 10 in Slings
    59 | D        | Reached skill level 10 in Bows
    59 | D        | Reached skill level 10 in Crossbows
    59 | D        | Reached XP level 23. HP: 149/201 MP: 0/0
    59 | D        | Learned a level 7 spell: Orb of Destruction
    60 | D        | Noticed a dread
    60 | D        | Killed a destroyer
    60 | D        | Noticed a destroyer
    61 | D        | Killed a dread
    62 | D        | Reached XP level 24. HP: 208/208 MP: 0/0
    63 | D        | Reached skill level 15 in Shields
    63 | D        | Reached skill level 15 in Unarmed Combat
    63 | D        | Reached skill level 15 in Invocations
    63 | D        | Reached skill level 15 in Evocations
    63 | D        | Killed The Servant
    64 | D        | Reached skill level 15 in Short Blades
    64 | D        | Reached skill level 15 in Long Blades
    64 | D        | Reached skill level 15 in Staves
    64 | D        | Reached skill level 15 in Stealth
    64 | D        | Killed a large bag of meat
    64 | D        | Killed a destroyer
    65 | D        | Reached skill level 15 in Maces & Flails
    65 | D        | Reached skill level 15 in Polearms
    65 | D        | Reached skill level 15 in Slings
    65 | D        | Reached skill level 15 in Bows
    65 | D        | Reached skill level 15 in Crossbows
    65 | D        | Reached XP level 25. HP: 153/214 MP: 0/0
    65 | D        | Learned a level 8 spell: Necromutation
    65 | D        | Noticed a meat beast
    65 | D        | Killed a destroyer
    65 | D        | Noticed a large bag of meat
    66 | D        | Killed a large bag of meat
    66 | D        | Noticed a destroyer
    67 | D        | Annihilated by a large bag of meat

Illustrated notes

Levels and vault maps discovered:
D:        meatsprint

Skill      XL: |  1  2  3  4  5  6  7  8  9 10 11 12 13 14 15 16 17 18 19 20 21 22 23 24 25 |
---------------+----------------------------------------------------------------------------+-----
Fighting       | 9 11 12 15 17 19 24 27 | 27.0
Axes           | 8 10 12 14 17 20 26 27 | 27.0
Throwing       | 3 4 5 6 17 26 27 | 27.0
Armour         | 2 3 4 7 11 27 | 27.0
Dodging        | 10 12 13 15 17 19 20 21 27 | 27.0
Spellcasting   | 15 19 21 24 27 | 27.0
Short Blades   | 8 11 14 16 18 | 18.1
Long Blades    | 8 11 14 16 18 | 18.1
Maces & Flails | 7 10 13 15 16 | 16.7
Polearms       | 7 10 13 15 16 | 16.7
Staves         | 8 11 14 16 18 | 18.1
Slings         | 7 10 13 15 16 | 16.8
Bows           | 7 10 13 15 16 | 16.7
Crossbows      | 7 10 13 15 16 | 16.7
Stealth        | 8 11 14 16 18 | 18.1
Shields        | 8 11 14 17 18 | 18.5
Unarmed Combat | 8 11 14 17 18 | 18.5
Invocations    | 8 11 14 17 18 | 18.5
Evocations     | 8 11 14 17 18 | 18.5

Action                   |  1- 3 |  4- 6 |  7- 9 | 10-12 | 13-15 | 16-18 | 19-21 | 22-24 | 25-27 || total
-------------------------+-------+-------+-------+-------+-------+-------+-------+-------+-------++-------
Melee: Executioner's axe |     1 |       |       |     1 |     6 |     3 |     9 |    20 |    12 ||    52
 Cast: Wereblood         |       |       |       |     1 |       |       |       |       |       ||     1
       Manifold Assault  |       |       |       |       |       |       |       |     5 |     3 ||     8
  Use: Potion            |     1 |       |       |       |       |       |       |       |       ||     1
Dodge: Dodged            |       |       |       |       |       |       |       |     1 |     2 ||     3
